 Dungeon Crawl Stone Soup version 0.31-a0-358-gac0dbeb3ab (webtiles) character file.

Game seed: 16275668990645098048

281 EC1 the Covered (level 6, -4/48 HPs)
             Began as a Human Fighter on July 26, 2023.
             Was an Initiate of Kikubaaqudgha.
             Slain by Sigmund
             ... wielding a +0 scythe
              (6 damage)
             ... on level 4 of the Dungeon.
             The game lasted 00:12:22 (2900 turns).

EC1 the Covered (Human Fighter)                     Turns: 2900, Time: 00:12:23

Health: -4/48      AC:  9    Str: 18    XL:     6   Next: 53%
Magic:  6/6        EV:  7    Int:  8    God:    Kikubaaqudgha [......]
Gold:   642        SH:  0    Dex: 13    Spells: 5/5 levels left

rFire   . . .        g - +1 spear (freeze)
rCold   . . .        c - +0 buckler
rNeg    . . .        f - +0 chain mail
rPois   .            (no helmet)
rElec   .            (no cloak)
rCorr   .            (no gloves)
SInv    .            (no boots)
Will    .....        (no amulet) Stlth
                     (no ring)
HPRegen 0.28/turn    (no ring)
MPRegen 0.10/turn

%: no passive effects
@: confused
A: no striking features
a: Renounce Religion


You were on level 4 of the Dungeon.
You worshipped Kikubaaqudgha.
Kikubaaqudgha was noncommittal.
You visited 1 branch of the dungeon, and saw 4 of its levels.

You collected 642 gold pieces.

Inventory:

Hand Weapons
 a - a +0 long sword
 g - a +1 spear of freezing (weapon)
Missiles
 m - 6 poisoned darts
Armour
 b - a +0 scale mail
 c - a +0 buckler (worn)
 f - a +0 chain mail (worn)
Magical Staves
 o - a staff of conjuration
Talismans
 j - a blade talisman
Scrolls
 p - a scroll of identify
Potions
 h - a potion of mutation


   Skills:
 + Level 3.7 Fighting
 + Level 2.6 Long Blades
 + Level 2.7 Polearms
 + Level 4.3 Armour
 + Level 0.8 Dodging
 + Level 0.1 Stealth
 + Level 4.0 Shields


You had 5 spell levels left.
You didn't know any spells.
Your spell library contained the following spells:

 Spells                   Type           Power      Damage    Failure   Level
 Apportation              Tloc           0%         N/A       99%         1
 Blink                    Tloc           0%         N/A       100%        2
 Lesser Beckoning         Tloc           0%         N/A       100%        2
 Momentum Strike          Conj/Tloc      0%         3d8       100%        2
 Alistair's Intoxication  Tmut/Pois      0%         N/A       100%        5


Dungeon Overview and Level Annotations

Branches:
Dungeon (4/15)
 Temple: D:4-7

Altars:
Kikubaaqudgha

Shops:
D:2 ?

Annotations:
D:4 Sigmund


Message History

Something hits you but does no damage.
You closely miss something. You closely miss something. Something hits you.
You closely miss something. You block something's attack.
You miss something. You barely miss something. Something hits you.
You hit something but do no damage. Something hits you.
You hit something. You freeze something. You barely miss something.
Something hits you.
You hit something. You freeze something. Something hits you!
You barely miss something. You hit something but do no damage.
Something hits you but does no damage.
You hit something but do no damage.
You hear some strange, mumbled words.
A magic dart appears from out of thin air!
The magic dart hits you but does no damage.
You miss something.
You hear some strange, mumbled words.
Something tries to affect you, but you resist.
You closely miss something. Something hits you!
* * * LOW HITPOINT WARNING * * *
You barely miss something.
You feel better. Something hits you but does no damage.
You feel better. Something hits you but does no damage.
You hit something but do no damage. You miss something. Something hits you!
You closely miss something. Something hits you!
* * * LOW HITPOINT WARNING * * *
You hit something. You freeze something. You hit something.
You freeze something.
You hear some strange, mumbled words.
A puff of flame appears from out of thin air!
The puff of flame hits you!
* * * LOW HITPOINT WARNING * * *
You hit something. You freeze something.
You hear some strange, mumbled words.
You are confused.
You completely miss something. Something hits you.
You die...
Kikubaaqudgha rasps: "You have failed me!
Welcome... death!"

# #.# ###.###......##.# #####
#.# #..#######....#
....####.# ##.# ###..#
......##.#######.# #..#
##..#.......)..#.#########..#
##.####.#####.<.#..........#
#.........######..........#
##........######........###
####............@{........
.....#############........
###### #........ #........
#########


There were no monsters in sight!

Vanquished Creatures
  A phantom (D:4)
  A hound (D:4)
  A jelly (D:4)
  6 adders
  A worm (D:2)
  4 dart slugs
  9 orcs
  6 ball pythons
  5 endoplasms
  3 giant cockroaches
  9 goblins
  6 hobgoblins
  3 kobolds
  4 quokkas
  6 bats
  2 frilled lizards
  7 rats
74 creatures vanquished.

Notes
Turn   | Place    | Note
-------+----------+-------------------------------------------
     0 | D:1      | EC1 the Human Fighter began the quest for the Orb.
     0 | D:1      | Reached XP level 1. HP: 18/18 MP: 1/1
   157 | D:1      | Reached XP level 2. HP: 16/24 MP: 2/2
   421 | D:1      | Reached XP level 3. HP: 27/29 MP: 3/3
  1076 | D:2      | Reached XP level 4. HP: 35/35 MP: 4/4
  1149 | D:2      | Found Roul's Magic Scroll Boutique.
  1760 | D:3      | Reached skill level 1 in Polearms
  1774 | D:3      | Found an ancient bone altar of Kikubaaqudgha.
  1798 | D:3      | Became a worshipper of Kikubaaqudgha
  1850 | D:3      | Reached XP level 5. HP: 37/41 MP: 5/5
  2166 | D:4      | Noticed a phantom
  2186 | D:4      | Killed a phantom
  2228 | D:4      | Reached XP level 6. HP: 27/48 MP: 6/6
  2748 | D:4      | Identified a scroll of acquirement
  2748 | D:4      | Acquired 467 gold pieces
  2866 | D:4      | Noticed Sigmund
  2898 | D:4      | HP: 1/48 [something/puff of flame (10)]
  2900 | D:4      | Slain by Sigmund

Illustrated notes

Levels and vault maps discovered:
D:1:      nzn_arrival_water_spiral, layout_basic, nrook_mini_backslash
D:2:      layout_loops_ring, serial_shops, nicolae_shop_waterfront
D:3:      layout_rooms, mainiacjoe_overflow_tiny_flanked,
          corexii_item_surrounded_by_moat, minivault_27
D:4:      layout_rooms, serial_bayou_lagoon_b, uniq_sigmund

Skill      XL: |  1  2  3  4  5  6 |
---------------+-------------------+-----
Polearms       | 1 2 |  2.7
Armour         | 4 |  4.3
Shields        | 4 |  4.0
Fighting       | |  3.7
Long Blades    | |  2.6
Dodging        | |  0.8
Stealth        | |  0.1

Action                     |  1- 3 |  4- 6 || total
---------------------------+-------+-------++-------
  Melee: Long sword        |    63 |       ||    63
         Spear             |    51 |   223 ||   274
    Use: Potion            |     2 |     7 ||     9
         Scroll            |     2 |     6 ||     8
 Armour: Scale mail        |    46 |       ||    46
         Chain mail        |    55 |   104 ||   159
  Dodge: Dodged            |    62 |    62 ||   124
  Block: Buckler           |    36 |    34 ||    70

Table legend: (Time is in decaauts)
 A = Elapsed time spent in this place.
 B = Non-inter-level travel time spent in this place.
 C = Inter-level travel time spent in this place.
 D = Time resting spent in this place.
 E = Time spent auto-exploring this place.
 F = Levels seen in this place.
 G = Mean time per level.
                   A        B        C        D        E       F      G
               +--------+--------+--------+--------+--------+-----+--------+
         Total |   2942 |   2942 |      0 |    227 |    616 |   4 |  735.5 |
       Dungeon |   2942 |   2942 |      0 |    227 |    616 |   4 |  735.5 |
               +--------+--------+--------+--------+--------+-----+--------+

Top non-repeatable levels by time:
     D:1: 831 daAuts
     D:4: 762 daAuts
     D:2: 688 daAuts
     D:3: 660 daAuts
